 Dungeon Sprint DCSS version 0.18.1-48-g4cf74bf (webtiles) character file.

141764 setisgood the Intangible (level 15, -5/82 HPs)
             Began as a Felid Berserker on Aug 17, 2016.
             Was the Champion of Trog.
             Killed from afar by Gloorx Vloq (28 damage)
             ... with a poison arrow
             ... in the Dungeon (Sprint IX: "|||||||||||||||||||||||||||||").
             The game lasted 00:38:31 (6573 turns).

setisgood the Intangible (Felid Berserker)          Turns: 6573, Time: 00:38:32

Health: -5/82      AC:  3    Str: 19    XL:     15   Next: 16%
Magic:  14/14      EV: 43    Int: 13    God:    Trog [******]
Gold:   1916       SH:  0    Dex: 22    Spells: 0 memorised, 14 levels left
                                        Lives:  0   Deaths: 4

rFire  . . .     SeeInvis +       - Unarmed
rCold  + + .     Gourm    .     (armour unavailable)
rNeg   . . .     Faith    .     (shield unavailable)
rPois  +         Spirit   .     (helmet unavailable)
rElec  .         Dismiss  .     (cloak unavailable)
rCorr  .         Reflect  .     (gloves unavailable)
SustAt .         Harm     .     (boots unavailable)
MR     ++++.     Clarity  +     (no amulet)
Stlth  ++++++++++ NoTele   +    s - ring of poison resistance
                                y - +6 ring of dexterity

@: lethally poisoned (-5 -> -6), exhausted, regenerating, slowed, slow,
incredibly resistant to hostile enchantments, uncannily stealthy
A: no armour, no weapons or thrown items, claws 1, fangs 3, see invisible,
carnivore 3, clarity, clever 1, cold resistance 1, speed 1, frail 1, low mp 1,
shaggy fur 3, slow metabolism 1, strong 1, evolution 1, MP-powered wands, sharp
paws
a: Berserk, Trog's Hand, Brothers in Arms, Burn Spellbooks, Renounce Religion
}: 4/15 runes: decaying, serpentine, barnacled, gossamer


You were in the Dungeon.
You worshipped Trog.
Trog was exalted by your worship.
You were full.

You visited 1 branch You collected 1916 gold pieces.

Inventory:

Jewellery
 j - a +3 ring of dexterity
 k - a +2 ring of evasion
 s - a ring of poison resistance (right paw)
 t - an uncursed ring of fire
 u - an uncursed ring of protection from cold
 v - an uncursed ring of fire
 y - a +6 ring of dexterity (left paw)
 z - a +2 ring of slaying
 A - a +6 ring of dexterity
 B - a +6 ring of dexterity
Wands
 i - a wand of lightning (7/15)
Scrolls
 g - 3 scrolls of blinking
 h - 4 scrolls of remove curse
 l - 3 scrolls of fear
 n - 2 scrolls of fog
 o - 2 scrolls of identify
 x - 4 scrolls of recharging
Potions
 b - 6 potions of curing
 c - 7 potions of heal wounds
 d - 3 potions of haste
 e - 4 potions of magic
 f - a potion of invisibility
 m - a potion of lignification
 p - 3 potions of might
 q - 3 potions of berserk rage
 r - a potion of agility
 w - a potion of cure mutation
 C - a potion of flight {unknown}
Comestibles
 a - 12 meat rations


   Skills:
 + Level 25.0 Fighting
 O Level 27 Dodging
 + Level 26.8 Stealth
 + Level 25.0 Unarmed Combat


You had 14 spell levels left.
You didn't know any spells.

Dungeon Overview and Level Annotations

Branches:
Dungeon (1/1)

Altars:
Cheibriados
Dithmenos
Elyvilon
Fedhas
Gozag
Kikubaaqudgha
Makhleb
Nemelex Xobeh
Okawaru
Pakellas
Qazlal
Ru
Sif Muna
Trog
Vehumet
Xom
Yredelemnul
Zin
The Shining One
Beogh
Jiyva
Lugonu

Shops:
D :[?(

Annotations:
D Gloorx Vloq


Innate Abilities, Weirdness & Mutations

You cannot wear armour.
You are incapable of wielding weapons or throwing items.
You have sharp claws.
You have razor-sharp teeth.
You have supernaturally acute eyesight.
You are carnivorous and can eat meat at any time.
You cover ground quickly.
Your thick and shaggy fur keeps you warm (AC +3, rC+).
You have a slow metabolism.
Your sharp claws are effective at attacking unaware monsters.
You possess an exceptional clarity of mind.
Your mind is acute. (Int +2)
Your flesh is cold resistant.
You are frail (-10% HP).
Your magical capacity is low (-10% MP).
Your muscles are strong. (Str +2)
You evolve.
You expend magic power (3 MP) to strengthen your wands.


Message History

You are exhausted.
You feel yourself slow down. Gloorx Vloq barely misses you.
Drink which item? (? for menu, Esc to quit)
You feel much better. Gloorx Vloq completely misses you.
Gloorx Vloq calls on the powers of darkness!
The Orb Guardian convulses!
Your body is wracked with pain!
* * * LOW HITPOINT WARNING * * *
Gloorx Vloq gestures at you. The poison arrow misses you.
Your hill giant goes berserk!
You feel somewhat less full. Gloorx Vloq completely misses you.
Gloorx Vloq gestures.
The Executioner begins absorbing vital energies!
The Orb Guardian begins absorbing vital energies!
Gloorx Vloq begins absorbing vital energies!
Gloorx Vloq gestures at you. The poison arrow hits you!
You are poisoned.
You partially resist.
You die...

▓)▓.▓)▓.▓[▓.▓.▓.▓'
▓+▓.▓)▓.▓[▓.▓)▓.▓.
▓)▓.▓.▓.▓.▓.▓.▓)▓.
▓)▓.▓)▓.▓.▓.▓.▓)▓.
▓)▓.▓)▓.▓.▓.▓.▓)▓.
▓)▓.▓.▓.▓.▓.▓.▓.▓.
▓C▓.▓(▓.▓.▓.▓.▓.▓.
▓)▓.▓.▓.▓.▓.▓.▓)▓.
▓@▓.▓.▓.▓.▓.▓(▓.▓.
▓&▓.▓.▓.▓.▓.▓.▓)▓.
▓X▓.▓.▓.▓.▓.▓.▓.♣'
▓1▓.▓.▓.▓.▓.▓.▓.♣.
▓.▓.▓.▓)▓.▓.▓.▓.♣.
▓[▓.▓.▓.▓.▓.▓)▓.♣.
▓)▓.♣'♣.▓.▓.▓)▓.♣.
▓.▓.♣.♣.▓.▓.▓.▓.♣.
▓.♣.♣.▓.▓.▓.▓.♣.


You could see Gloorx Vloq, an Orb Guardian, an Executioner and a friendly hill
giant (berserk).

Vanquished Creatures
  Mennas (D)
  Nikola (D)
  2 liches (D)
  Rupert (D)
  An Orb Guardian (D)
  Agnes (D)
  2 shadow dragons (D)
  3 greater nagas (D)
  A tengu reaver (D)
  Ilsuiw (D)
  2 vault wardens (D)
  2 emperor scorpions (D)
  A ghost moth (D)
  2 stone giants (D)
  2 ironheart preservers (D)
  A spark wasp (D)
  2 merfolk javelineers (D)
  An ettin (D)
  A merfolk impaler (D)
  A fire dragon (D)
  21 vault guards (D)
  An ice dragon (D)
  An ogre mage (D)
  A great orb of eyes (D)
  A naga warrior (D)
  An anaconda (D)
  3 merfolk aquamancers (D)
  7 hydras (D)
  A satyr (D)
  A death knight (D)
  A tengu warrior (D)
  A naga sharpshooter (D)
  A deep troll earth mage (D)
  A hell knight (D)
  3 swamp dragons (D)
  A giant orange brain (D)
  A harpy (shapeshifter) (D)
  A harpy (D)
  An orc knight (D)
  2 ironbrand convokers (D)
  3 wolf spiders (D)
  A mana viper (shapeshifter) (D)
  A necromancer (D)
  2 hill giants (D)
  A cyclops (D)
  2 manticores (D)
  A deep elf mage (D)
  A guardian serpent (D)
  Maurice (D)
  A water nymph (D)
  A naga mage (D)
  6 black mambas (D)
  7 elephants (D)
  3 spiny frogs (D)
  A freezing wraith (D)
  3 komodo dragons (D)
  A yaktaur (D)
  2 demonic crawlers (D)
  3 jumping spiders (D)
  2 merfolk (D)
  2 trolls (D)
  2 slime creatures (D)
  A blink frog (D)
  A raiju (D)
  A boulder beetle (D)
  A wraith (D)
  A redback (D)
  A yak (D)
  A wyvern (D)
  A hippogriff (D)
  A naga (D)
  3 porcupines (D)
  7 orc warriors (D)
  An ogre (D)
  A boggart (D)
  2 centaurs (D)
  A wolf (D)
  A giant frog (D)
  A crimson imp (D)
  3 orc priests (D)
  2 orc wizards (D)
  A worker ant (D)
  A sheep (D)
  3 adders (D)
  A river rat (D)
  An adder skeleton (D)
  A giant gecko (D)
  An orc (D)
  A bat (D)
  3 bat zombies (D)
  2 goblins (D)
  A hobgoblin (D)
  A jackal (D)
  2 giant cockroach zombies (D)
177 creatures vanquished.

Vanquished Creatures (collateral kills)
  Saint Roka (D)
  A quicksilver dragon (D)
  Gastronok (D)
  2 ghost moths (D)
  A frost giant (D)
  A vault warden (D)
  3 emperor scorpions (D)
  An ironheart preserver (D)
  A white draconian (shapeshifter) (D)
  5 merfolk impalers (D)
  4 vault guards (D)
  A fire dragon (D)
  An entropy weaver (D)
  A rakshasa (D)
  An ice dragon (D)
  A naga warrior (D)
  An alligator snapping turtle (D)
  3 hydras (D)
  2 centaur warriors (D)
  A tengu warrior (D)
  A merfolk avatar (D)
  3 alligators (D)
  Urug (D)
  A spriggan druid (D)
  A swamp dragon (D)
  12 orc knights (D)
  3 ironbrand convokers (D)
  A deep elf mage (D)
  2 wizards (D)
  2 slime creatures (D)
  2 ugly things (D)
  A wolf spider (D)
  An elephant (D)
  A black mamba (D)
  A guardian serpent (D)
  2 vault sentinels (D)
  A yaktaur (D)
  A demonic crawler (D)
  A merfolk (D)
  A jumping spider (D)
  A giant leech (D)
  A wind drake (shapeshifter) (D)
  A bog body (D)
  2 redbacks (D)
  2 tarantellas (D)
  A wraith (D)
  A basilisk (D)
  A vampire mosquito (D)
  A soldier ant (shapeshifter) (D)
  7 orc warriors (D)
  A giant frog (D)
  3 orc priests (D)
  2 orc wizards (D)
  5 orcs (D)
101 creatures vanquished.

Vanquished Creatures (others)
  An ogre mage (D)
1 creature vanquished.

Grand Total: 279 creatures vanquished

Notes
Turn   | Place    | Note
--------------------------------------------------------------
     0 | D        | setisgood the Felid Berserker began the quest for the Orb.
     0 | D        | Reached XP level 1. HP: 10/10 MP: 2/2
    12 | D        | Reached ** piety under Trog
    16 | D        | Reached skill level 5 in Dodging
    49 | D        | Noticed a crimson imp
    49 | D        | Noticed a centaur
    55 | D        | Reached *** piety under Trog
    55 | D        | Reached XP level 2. HP: 9/14 MP: 3/3
    61 | D        | Killed a centaur
    61 | D        | Reached skill level 5 in Fighting
    61 | D        | Reached skill level 8 in Dodging
    61 | D        | Reached skill level 5 in Unarmed Combat
    61 | D        | Reached XP level 3. HP: 7/19 MP: 4/4
    61 | D        | Reached XP level 4. HP: 8/23 MP: 5/5
    65 | D        | Reached skill level 9 in Dodging
   394 | D        | Found a glowing silver altar of Zin.
   394 | D        | Found a glowing golden altar of the Shining One.
   394 | D        | Found an ancient bone altar of Kikubaaqudgha.
   394 | D        | Found a basalt altar of Yredelemnul.
   394 | D        | Found a shimmering altar of Xom.
   394 | D        | Found a radiant altar of Vehumet.
   395 | D        | Found an iron altar of Okawaru.
   396 | D        | Found a burning altar of Makhleb.
   397 | D        | Found a deep blue altar of Sif Muna.
   398 | D        | Found a bloodstained altar of Trog.
   399 | D        | Found a sparkling altar of Nemelex Xobeh.
   400 | D        | Found a white marble altar of Elyvilon.
   401 | D        | Found a roughly hewn altar of Beogh.
   402 | D        | Found a viscous altar of Jiyva.
   403 | D        | Found a corrupted altar of Lugonu.
   404 | D        | Found a blossoming altar of Fedhas.
   405 | D        | Found a snail-covered altar of Cheibriados.
   406 | D        | Found a shadowy altar of Dithmenos.
   407 | D        | Found a stormy altar of Qazlal.
   408 | D        | Found an opulent altar of Gozag.
   409 | D        | Found a sacrificial altar of Ru.
   410 | D        | Found an oddly glowing altar of Pakellas.
   436 | D        | Noticed a centaur
   436 | D        | Noticed an ogre
   445 | D        | Reached skill level 10 in Dodging
   445 | D        | Reached XP level 5. HP: 27/27 MP: 6/6
   446 | D        | Killed a centaur
   446 | D        | Reached **** piety under Trog
   446 | D        | Reached skill level 11 in Dodging
   451 | D        | Killed an ogre
   451 | D        | Reached skill level 12 in Dodging
   451 | D        | Gained mutation: You are covered in thick fur (AC +2). [Felid growth]
   451 | D        | Reached XP level 6. HP: 33/33 MP: 7/7
   501 | D        | Noticed a wraith
   501 | D        | Noticed a harpy
   501 | D        | Noticed a hill giant
   501 | D        | Noticed a manticore
   511 | D        | Killed a wraith
   511 | D        | Reached skill level 13 in Dodging
   515 | D        | Killed a harpy
   515 | D        | Reached ***** piety under Trog
   515 | D        | Reached skill level 15 in Dodging
   515 | D        | Reached XP level 7. HP: 21/38 MP: 8/8
   520 | D        | Killed a hill giant
   520 | D        | Reached skill level 16 in Dodging
   520 | D        | Reached XP level 8. HP: 27/43 MP: 9/9
   523 | D        | HP: 1/64 [manticore (13)]
   524 | D        | Killed a manticore
   524 | D        | Reached skill level 10 in Fighting
   524 | D        | Reached skill level 17 in Dodging
   524 | D        | Reached skill level 10 in Unarmed Combat
   525 | D        | Succumbed to a manticore's barbed spikes
   526 | D        | Reached XP level 7. HP: 0/58 MP: 8/8
   546 | D        | Noticed an elephant
   546 | D        | Noticed an elephant
   549 | D        | Noticed an elephant
   554 | D        | Noticed an elephant
   556 | D        | Noticed an elephant
   556 | D        | Killed an elephant
   556 | D        | Reached XP level 8. HP: 43/43 MP: 9/9
   558 | D        | Noticed an elephant
   561 | D        | Noticed an elephant
   566 | D        | Killed an elephant
   566 | D        | Reached skill level 18 in Dodging
   573 | D        | Killed an elephant
   579 | D        | Killed an elephant
   579 | D        | Reached XP level 9. HP: 48/48 MP: 10/10
   584 | D        | Killed an elephant
   584 | D        | Reached skill level 19 in Dodging
   591 | D        | Killed an elephant
   599 | D        | Killed an elephant
   614 | D        | Noticed an elephant
   630 | D        | Killed an elephant
   630 | D        | Reached ****** piety under Trog
   630 | D        | Reached skill level 20 in Dodging
   903 | D        | Noticed a black mamba
   903 | D        | Noticed a komodo dragon
   911 | D        | Killed a komodo dragon
   917 | D        | Reached XP level 10. HP: 54/54 MP: 11/11
   921 | D        | Killed a black mamba
   933 | D        | Reached skill level 21 in Dodging
  1229 | D        | Noticed a five-headed hydra
  1229 | D        | Noticed a seven-headed hydra
  1229 | D        | Noticed a spiny frog
  1229 | D        | Noticed a spiny frog
  1236 | D        | Killed a spiny frog
  1241 | D        | Killed a seven-headed hydra
  1245 | D        | Killed a five-headed hydra
  1245 | D        | Reached skill level 22 in Dodging
  1249 | D        | Killed a spiny frog
  1583 | D        | Noticed Maurice
  1590 | D        | Killed Maurice
  1860 | D        | Noticed Urug
  1870 | D        | Killed Urug
  1870 | D        | Reached XP level 11. HP: 49/59 MP: 12/12
  1876 | D        | Noticed Gastronok
  1884 | D        | Killed Gastronok
  2050 | D        | Noticed an orc knight
  2054 | D        | Reached skill level 23 in Dodging
  2071 | D        | Killed an orc knight
  2106 | D        | Noticed an orc knight
  2106 | D        | Noticed an orc knight
  2106 | D        | Noticed an orc knight
  2106 | D        | Noticed an orc knight
  2116 | D        | Killed an orc knight
  2119 | D        | Killed an orc knight
  2120 | D        | Killed an orc knight
  2124 | D        | Killed an orc knight
  2144 | D        | Noticed an orc knight
  2158 | D        | Killed an orc knight
  2212 | D        | Found Rycasos's Book Emporium.
  2212 | D        | Noticed an orc knight
  2212 | D        | Noticed an orc knight
  2222 | D        | Killed an orc knight
  2225 | D        | Killed an orc knight
  2229 | D        | Reached skill level 24 in Dodging
  2231 | D        | Noticed an orc knight
  2234 | D        | Killed an orc knight
  2241 | D        | Found Nimocwa's Armour Shoppe.
  2245 | D        | Found Ciesug's Magic Scroll Emporium.
  2246 | D        | Noticed an orc knight
  2252 | D        | Found Umups's Antique Weapon Shoppe.
  2258 | D        | Killed an orc knight
  2267 | D        | Noticed an orc knight
  2269 | D        | Noticed an orc knight
  2270 | D        | Noticed an orc knight
  2272 | D        | Killed an orc knight
  2275 | D        | Killed an orc knight
  2276 | D        | Killed an orc knight
  2452 | D        | Noticed a deep elf mage
  2458 | D        | Reached skill level 15 in Fighting
  2460 | D        | Noticed an ettin
  2462 | D        | Noticed a frost giant
  2467 | D        | Killed a deep elf mage
  2473 | D        | Noticed an ice dragon
  2474 | D        | Noticed a wizard
  2477 | D        | Killed a frost giant
  2477 | D        | Reached skill level 15 in Unarmed Combat
  2482 | D        | Killed an ettin
  2482 | D        | Reached skill level 25 in Dodging
  2487 | D        | HP: 1/61 [wind drake (shapeshifter)/the air (10)]
  2492 | D        | Killed an ice dragon
  2492 | D        | Gained mutation: Your thick and shaggy fur keeps you warm (AC +3, rC+). [Felid growth]
  2492 | D        | Reached XP level 12. HP: 36/66 MP: 13/13
  2526 | D        | Gained mutation: You expend magic power (3 MP) to strengthen your wands. [mutagenic meat]
  2527 | D        | Gained mutation: You are weak. (Str -2) [mutagenic meat]
  2633 | D        | Noticed an alligator snapping turtle
  2641 | D        | Killed an alligator snapping turtle
  2653 | D        | Noticed a satyr
  2678 | D        | Killed a satyr
  2678 | D        | Reached skill level 26 in Dodging
  2953 | D        | Noticed an anaconda
  2971 | D        | Killed an anaconda
  2982 | D        | HP: 3/99 [guardian serpent (21)]
  2991 | D        | HP: 2/99 [black mamba (7)]
  2994 | D        | Slain by a black mamba
  2995 | D        | Reached XP level 11. HP: -2/62 MP: 12/12
  3031 | D        | Noticed Mennas
  3045 | D        | Mangled by Mennas
  3046 | D        | Reached XP level 10. HP: -11/58 MP: 11/11
  3180 | D        | HP: 3/87 [Mennas/+5 long sword of holy wrath (20)]
  3188 | D        | Killed Mennas
  3188 | D        | Reached skill level 27 in Dodging
  3188 | D        | Reached XP level 11. HP: 9/64 MP: 12/12
  3626 | D        | Noticed a cyan ugly thing
  3626 | D        | Noticed an ironbrand convoker
  3626 | D        | Noticed a vault warden
  3626 | D        | Noticed an ironheart preserver
  3626 | D        | Noticed an ironbrand convoker
  3632 | D        | Killed an ironheart preserver
  3633 | D        | Killed an ironbrand convoker
  3636 | D        | Noticed a deep elf mage
  3637 | D        | Noticed a brown ugly thing
  3641 | D        | Killed a vault warden
  3643 | D        | Killed an ironbrand convoker
  3644 | D        | Killed a cyan ugly thing
  3644 | D        | Reached skill level 5 in Stealth
  3645 | D        | Noticed a centaur warrior
  3646 | D        | Killed a deep elf mage
  3649 | D        | Noticed a centaur warrior
  3650 | D        | Killed a brown ugly thing
  3651 | D        | Noticed a wizard
  3653 | D        | Noticed a rakshasa
  3653 | D        | Killed a centaur warrior
  3655 | D        | Killed a centaur warrior
  3656 | D        | Killed a wizard
  3658 | D        | Noticed a wolf spider
  3661 | D        | Killed a rakshasa
  3667 | D        | Killed a wolf spider
  3667 | D        | Reached XP level 12. HP: 69/69 MP: 13/13
  3676 | D        | Noticed an ironheart preserver
  3692 | D        | Killed an ironheart preserver
  3742 | D        | Gained mutation: You possess an exceptional clarity of mind. [mutagenic meat]
  3743 | D        | Gained mutation: Your magical capacity is low (-10% MP). [mutagenic meat]
  3744 | D        | Gained mutation: Your mind is acute. (Int +2) [mutagenic meat]
  3745 | D        | Lost mutation: You possess an exceptional clarity of mind. [mutagenic meat]
  3746 | D        | Gained mutation: Your flesh is cold resistant. [mutagenic meat]
  3747 | D        | Gained mutation: You are frail (-10% HP). [mutagenic meat]
  3750 | D        | Lost mutation: You are weak. (Str -2) [mutagenic meat]
  3751 | D        | Gained mutation: You evolve. [mutagenic meat]
  3924 | D        | Noticed a deep troll earth mage
  3924 | D        | Noticed a fire dragon
  3924 | D        | Noticed a tengu warrior
  3924 | D        | Noticed a stone giant
  3924 | D        | Noticed a lich
  3924 | D        | Noticed a spark wasp
  3927 | D        | Noticed a tengu warrior
  3935 | D        | Killed a spark wasp
  3935 | D        | Reached skill level 10 in Stealth
  3939 | D        | Killed a lich
  3940 | D        | Noticed a fire dragon
  3944 | D        | Killed a stone giant
  3950 | D        | Killed a tengu warrior
  3953 | D        | Noticed an entropy weaver
  3955 | D        | Killed a fire dragon
  3958 | D        | Killed a deep troll earth mage
  3969 | D        | Killed a tengu warrior
  3981 | D        | Noticed an ice dragon
  3987 | D        | Killed a fire dragon
  3990 | D        | Killed an entropy weaver
  4001 | D        | Killed an ice dragon
  4021 | D        | Noticed a tengu reaver
  4022 | D        | Noticed a stone giant
  4038 | D        | Gained mutation: Your muscles are strong. (Str +2) [mutagenic meat]
  4183 | D        | Noticed a lich
  4195 | D        | Noticed a Tzitzimitl
  4202 | D        | Killed a tengu reaver
  4202 | D        | Reached XP level 13. HP: 37/67 MP: 12/12
  4203 | D        | Noticed a lorocyproca
  4211 | D        | Killed a stone giant
  4216 | D        | Killed a lich
  4216 | D        | Reached skill level 15 in Stealth
  4308 | D        | Noticed Rupert
  4319 | D        | Killed Rupert
  4323 | D        | Noticed Saint Roka
  4340 | D        | Killed Saint Roka
  4645 | D        | Noticed a ghost moth
  4659 | D        | Killed a ghost moth
  5368 | D        | Gained mutation: You possess an exceptional clarity of mind. [evolution]
  5479 | D        | Noticed an emperor scorpion
  5490 | D        | Killed an emperor scorpion
  5659 | D        | Noticed Nikola
  5666 | D        | Killed Nikola
  5666 | D        | Reached XP level 14. HP: 73/73 MP: 13/13
  5721 | D        | Noticed a greater naga
  5721 | D        | Noticed a greater naga
  5724 | D        | Noticed a greater naga
  5729 | D        | Killed a greater naga
  5730 | D        | Noticed a greater naga
  5734 | D        | HP: 3/109 [greater naga/spear (27)]
  5736 | D        | Mangled by a naga warrior
  5737 | D        | Reached XP level 13. HP: -6/105 MP: 12/12
  5790 | D        | Noticed Agnes
  5807 | D        | Killed Agnes
  5866 | D        | Got a decaying rune of Zot
  5873 | D        | Noticed a ghost moth
  5873 | D        | Noticed an emperor scorpion
  5885 | D        | Killed an emperor scorpion
  5887 | D        | Noticed a ghost moth
  5888 | D        | Killed a ghost moth
  5889 | D        | Killed a ghost moth
  5901 | D        | Noticed an emperor scorpion
  5906 | D        | Noticed an emperor scorpion
  5914 | D        | Noticed an emperor scorpion
  5914 | D        | Killed an emperor scorpion
  5930 | D        | Killed an emperor scorpion
  5945 | D        | Killed an emperor scorpion
  5950 | D        | Got a gossamer rune of Zot
  6000 | D        | Noticed a merfolk javelineer
  6000 | D        | Noticed a merfolk impaler
  6000 | D        | Noticed a merfolk impaler
  6000 | D        | Noticed a merfolk javelineer
  6014 | D        | Noticed Ilsuiw
  6021 | D        | Killed a merfolk javelineer
  6024 | D        | Killed a merfolk javelineer
  6025 | D        | Noticed a merfolk impaler
  6027 | D        | Noticed a merfolk impaler
  6034 | D        | Killed Ilsuiw
  6035 | D        | Noticed a merfolk impaler
  6043 | D        | Killed a merfolk impaler
  6049 | D        | Killed a merfolk impaler
  6051 | D        | Killed a merfolk impaler
  6055 | D        | Killed a merfolk impaler
  6055 | D        | Reached XP level 14. HP: 68/75 MP: 13/13
  6113 | D        | Got a barnacled rune of Zot
  6132 | D        | Killed a greater naga
  6183 | D        | Killed a greater naga
  6190 | D        | Got a serpentine rune of Zot
  6495 | D        | Noticed a vault warden
  6495 | D        | Noticed an ironheart preserver
  6495 | D        | Noticed a quicksilver dragon
  6497 | D        | Killed a vault warden
  6508 | D        | Killed an ironheart preserver
  6510 | D        | Killed a quicksilver dragon
  6517 | D        | Noticed a vault warden
  6517 | D        | Noticed a storm dragon
  6517 | D        | a four-headed hydra changed into a storm dragon
  6518 | D        | Noticed a shadow dragon
  6519 | D        | Noticed a shadow dragon
  6520 | D        | a storm dragon changed into a white draconian
  6523 | D        | Reached XP level 15. HP: 81/81 MP: 14/14
  6529 | D        | Killed a vault warden
  6538 | D        | Killed a shadow dragon
  6549 | D        | Killed a shadow dragon
  6550 | D        | Noticed an Orb Guardian
  6550 | D        | Noticed an Orb Guardian
  6550 | D        | Noticed Gloorx Vloq
  6557 | D        | Killed an Orb Guardian
  6561 | D        | Noticed an Executioner
  6573 | D        | Killed from afar by Gloorx Vloq

Skill      XL: |  1  2  3  4  5  6  7  8  9 10 11 12 13 14 15 |
---------------+----------------------------------------------+-----
Dodging        | 5 8 10 12 15 16 18 20 27 25 26 | 27.0
Fighting       | 5 7 9 11 12 17 18 19 22 24 25 | 25.0
Unarmed Combat | 5 7 9 11 12 17 15 19 22 24 25 | 25.0
Stealth        | 7 14 22 26 | 26.8

Action                   |  1- 3 |  4- 6 |  7- 9 | 10-12 | 13-15 || total
-------------------------+-------+-------+-------+-------+-------++-------
Melee: Unarmed           |    27 |    43 |    67 |   302 |   319 ||   758
       Punch             |     1 |     2 |     6 |    25 |    52 ||    86
       Bite              |     1 |     7 |    12 |    45 |    53 ||   118
Invok: Trog's Hand       |       |     2 |     2 |    12 |    12 ||    28
       Berserk           |       |     2 |     2 |     7 |    10 ||    21
       Brothers in Arms  |       |       |     1 |    17 |    18 ||    36
  Use: Potion            |     1 |       |       |     1 |     3 ||     5
 Stab: Sleeping          |       |       |       |     1 |    12 ||    13
       Distracted        |       |       |       |       |     2 ||     2
  Eat: Chunk             |     6 |     2 |     8 |    40 |    11 ||    67
       Meat ration       |       |       |       |       |     1 ||     1
Armor: Skin              |     1 |     1 |       |     2 |     2 ||     6
Dodge: Dodged            |    26 |    37 |    77 |   266 |   277 ||   683
